 Dungeon Crawl Stone Soup version 0.29.0-15-g675c0067aa (webtiles) character file.

Game seed: 9046720006435237005

2970 qw the Cleaver (level 9, -7/81 HPs)
             Began as a Minotaur Berserker on Sept 12, 2022.
             Was an Elder of Trog.
             Shot with a sling bullet by Joseph (9 damage)
             ... on level 7 of the Dungeon.
             The game lasted 00:02:37 (7268 turns).

qw the Cleaver (Minotaur Berserker)                 Turns: 7268, Time: 00:02:38

Health: -7/81      AC: 15    Str: 33    XL:     9   Next: 52%
Magic:  0/8        EV:  8    Int:  4    God:    Trog [****..]
Gold:   318        SH:  0    Dex:  9    Spells: 8/8 levels left

rFire   + . .      SeeInvis .   Y - +1 war axe (spect)
rCold   . . .      Faith    .   (no shield)
rNeg    . . .      Spirit   +   w - +0 plate armour
rPois   .          Reflect  .   (helmet restricted)
rElec   .          Harm     .   (no cloak)
rCorr   .          Rampage  .   g - +0 pair of gloves
Will    .....                   d - +0 pair of boots
Stlth   ..........              s - amulet of guardian spirit
HPRegen 0.23/turn               u - +6 ring of strength
MPRegen 0.11/turn               f - ring of protection from fire

@: on berserk cooldown, slowed, very slow
A: horns 2, retaliatory headbutt
a: Renounce Religion, Berserk, Trog's Hand, Brothers in Arms


You were on level 7 of the Dungeon.
You worshipped Trog.
Trog was greatly pleased with you.
You visited 1 branch of the dungeon, and saw 7 of its levels.

You collected 468 gold pieces.
You spent 150 gold pieces at shops.


Innate Abilities, Weirdness & Mutations

You have a pair of horns on your head.
You reflexively headbutt those who attack you in melee.


   Skills:
 + Level 7.9 Fighting
 - Level 13.0 Axes
 - Level 2.2 Throwing
 - Level 6.1 Armour
 - Level 2.1 Dodging


You had 8 spell levels left.
You didn't know any spells.
Your spell library was empty.

Inventory:

Hand Weapons
 b - the +6 flail of Spontaneous Combustion {vorpal, *Corrode rElec Str+4 SInv}
   (You found it on level 7 of the Dungeon)

   It inflicts extra damage upon your enemies.
   Str:       It affects your strength (+4).
   rElec:     It insulates you from electricity.
   SInv:      It lets you see invisible.
   *Corrode:  It may corrode you when you take damage.
 o - a +2 flail of protection
 Y - a +1 spectral war axe (weapon)
Missiles
 i - 2 silver boomerangs (quivered)
 p - 6 boomerangs
Armour
 d - a +0 pair of boots (worn)
 e - a +1 chain mail of fire resistance
 g - a +0 pair of gloves (worn)
 w - a +0 plate armour (worn)
Jewellery
 f - a ring of protection from fire (right hand)
 q - a ring of resist corrosion
 s - an amulet of guardian spirit (around neck)
 u - a +6 ring of strength (left hand)
Scrolls
 l - a scroll of teleportation
 m - a scroll of identify
 n - a scroll of brand weapon
Potions
 a - 2 potions of might
 c - 3 potions of curing
 h - a potion of mutation
 j - 2 potions of heal wounds
 k - a potion of resistance
 r - a potion of haste
 t - a potion of flight {unknown}
 v - a potion of ambrosia {unknown}

Dungeon Overview and Level Annotations

Branches:
Dungeon (7/15)             Temple (0/1) D:4

Altars:
Ashenzari
Kikubaaqudgha
Ru
Trog
Uskayaw
Xom
Yredelemnul
The Shining One

Shops:
D:5 *

Portals:
Bailey: D:7

Annotations:
D:7 Joseph


Message History

The sling bullet hits you!
You swing at nothing.
You hear a whirring sound.
A sling bullet appears from out of thin air!
The sling bullet hits you but does no damage.
You swing at nothing.
You hear a whirring sound.
A sling bullet appears from out of thin air!
The sling bullet hits you!
You hear a whirring sound.
A sling bullet appears from out of thin air!
The sling bullet hits you.
You swing at nothing.
You hear a whirring sound.
A sling bullet appears from out of thin air!
The sling bullet hits you!
You swing at nothing.
You hear a whirring sound.
A sling bullet appears from out of thin air!
The sling bullet hits you!
You swing at nothing.
You hear a whirring sound.
A sling bullet appears from out of thin air!
The sling bullet hits you!
You hear a whirring sound.
A sling bullet appears from out of thin air!
The sling bullet hits you.
You swing at nothing.
You hear a whirring sound.
A sling bullet appears from out of thin air!
The sling bullet hits you!
You swing at nothing.
You hear a whirring sound.
A sling bullet appears from out of thin air!
The sling bullet hits you but does no damage.
You swing at nothing.
Joseph appears from thin air!
Reactivating autopickup.
Joseph shoots a sling bullet.
The sling bullet hits you!
You die...

#.#.....#
#...............
........#
#...............
#.#......#
##.............# #.
......#
##..>.......#####
.. #.......
##............. .#
......#
#.%¤¤..........
###.#...........
###.#...#..........
.......@........>.
..........#.......
.....@PPP....###.
......._..####
....<..P..#
...........
##.###..#.## #. ##.
.#


You could see Joseph.

Vanquished Creatures
  Eustachio (D:4)
  A steam dragon (D:6)
  A water moccasin (D:7)
  An orc warrior (D:6)
  5 sky beasts
  An ice beast (D:7)
  2 black bears (D:7)
  4 phantoms
  2 centaurs
  A bullfrog (D:6)
  A gnoll sergeant (D:7)
  4 scorpions (D:5)
  3 wights (D:7)
  A jelly (D:6)
  An electric eel (D:6)
  4 hounds
  An orc priest (D:4)
  Terence (D:2)
  Jessica (D:2)
  2 iguanas
  3 orc wizards (D:4)
  18 gnolls
  5 adders
  3 shadow imps
  3 white imps
  An ufetubus (D:5)
  A worm (D:4)
  A dart slug (D:4)
  22 orcs
  4 bats
  7 endoplasms
  4 giant cockroaches
  15 goblins
  7 hobgoblins
  3 jackals (D:3)
  9 kobolds
  2 quokkas
  8 ball pythons
  7 frilled lizards
  3 rats
164 creatures vanquished.

Vanquished Creatures (others)
  A plant (D:6)
1 creature vanquished.

Grand Total: 165 creatures vanquished

Notes
Turn   | Place    | Note
-------+----------+-------------------------------------------
     0 | D:1      | qw the Minotaur Berserker began the quest for the Orb.
     0 | D:1      | Reached XP level 1. HP: 19/19 MP: 0/0
     0 | D:1      | 0 ||| qw: Version: 0.1-a-119-g272c26d
     0 | D:1      | 0 ||| qw: Game counter: 10909
     0 | D:1      | 0 ||| qw: Always use a shield: true
     0 | D:1      | 0 ||| qw: Do Orc after D:15 true
     0 | D:1      | 0 ||| qw: Do second Lair branch before Depths: true
     0 | D:1      | 0 ||| qw: Lair rune preference: random
     0 | D:1      | 0 ||| qw: Plans: Normal
     0 | D:1      | 0 ||| PLANNING D:1-11
    81 | D:1      | 81 ||| Stepping ~*~*~tactically~*~*~ (stealth).
    88 | D:1      | Reached skill level 4 in Axes
    96 | D:1      | 96 ||| INVOKING Berserk.
    98 | D:1      | Reached XP level 2. HP: 14/26 MP: 1/1
   104 | D:1      | 104 ||| Stepping ~*~*~tactically~*~*~ (stealth).
   106 | D:1      | 106 ||| Stepping ~*~*~tactically~*~*~ (stealth).
   109 | D:1      | 109 ||| Stepping ~*~*~tactically~*~*~ (stealth).
   110 | D:1      | 110 ||| Stepping ~*~*~tactically~*~*~ (stealth).
   298 | D:1      | 298 ||| Stepping ~*~*~tactically~*~*~ (stealth).
   299 | D:1      | 299 ||| Stepping ~*~*~tactically~*~*~ (stealth).
   315 | D:1      | 315 ||| Stepping ~*~*~tactically~*~*~ (stealth).
   352 | D:1      | 352 ||| SWAPPING to +0 war axe.
   353 | D:1      | 353 ||| DROPPING +0 hand axe.
   394 | D:1      | Found a faded altar of an unknown god.
   735 | D:1      | Reached skill level 5 in Axes
   879 | D:1      | 879 ||| Stepping ~*~*~tactically~*~*~ (stealth).
   886 | D:1      | Reached XP level 3. HP: 31/31 MP: 2/2
   918 | D:1      | 918 ||| UPGRADING to +0 pair of boots.
   923 | D:1      | 923 ||| UPGRADING to +0 scale mail.
   933 | D:1      | 933 ||| DROPPING +0 animal skin.
   934 | D:1      | 934 ||| READING scroll labelled LAODGH NUEBBOQO.
   935 | D:1      | 935 ||| READING scroll labelled DEWEDE VITEUMILA.
   936 | D:1      | 936 ||| DRINKING 2 coppery potions.
  1041 | D:2      | Reached ** piety under Trog
  1084 | D:2      | Noticed Terence
  1086 | D:2      | 1086 ||| FLEEEEING.
  1087 | D:2      | 1087 ||| FLEEEEING.
  1088 | D:2      | 1088 ||| FLEEEEING.
  1089 | D:2      | 1089 ||| FLEEEEING.
  1092 | D:2      | 1092 ||| FLEEEEING.
  1094 | D:2      | 1094 ||| STAIRDANCE
  1196 | D:1      | 1196 ||| READING scroll labelled KYIKAEL XUFO.
  1199 | D:2      | 1199 ||| INVOKING Berserk.
  1204 | D:2      | Killed Terence
  1333 | D:2      | 1333 ||| DROPPING +0 club.
  1391 | D:2      | Reached skill level 6 in Axes
  1391 | D:2      | Reached XP level 4. HP: 39/39 MP: 3/3
  1452 | D:2      | Noticed Jessica
  1453 | D:2      | 1453 ||| Stepping ~*~*~tactically~*~*~ (hiding).
  1457 | D:2      | Killed Jessica
  1714 | D:2      | 1714 ||| UPGRADING to +1 chain mail of fire resistance.
  1724 | D:2      | 1724 ||| DROPPING +0 scale mail.
  1725 | D:2      | 1725 ||| READING 2 scrolls labelled TIAFOH LESHRA.
  1726 | D:2      | 1726 ||| DRINKING 2 fuming yellow potions.
  1727 | D:2      | 1727 ||| DROPPING scroll of immolation.
  1747 | D:3      | 1747 ||| Stepping ~*~*~tactically~*~*~ (stealth).
  1799 | D:3      | 1799 ||| INVOKING Berserk.
  1915 | D:3      | 1915 ||| DROPPING +0 mace.
  1929 | D:3      | Found a basalt altar of Yredelemnul.
  1981 | D:3      | 1981 ||| UPGRADING to +0 pair of gloves.
  1985 | D:3      | Reached XP level 5. HP: 45/45 MP: 4/4
  2295 | D:3      | Reached skill level 7 in Axes
  2314 | D:3      | 2314 ||| DROPPING +0 hand axe of distortion.
  2337 | D:3      | 2337 ||| Stepping ~*~*~tactically~*~*~ (stealth).
  2351 | D:3      | 2351 ||| Stepping ~*~*~tactically~*~*~ (stealth).
  2352 | D:3      | 2352 ||| Stepping ~*~*~tactically~*~*~ (stealth).
  2443 | D:3      | Noticed a phantom
  2463 | D:3      | Killed a phantom
  2516 | D:3      | 2516 ||| UPGRADING to amulet of guardian spirit.
  2521 | D:3      | 2521 ||| READING scroll labelled ROIRISAOHEISS.
  2522 | D:3      | 2522 ||| READING 2 scrolls labelled TIELUT FOPINN.
  2523 | D:3      | 2523 ||| READING scroll labelled REEDIE OJOMP.
  2527 | D:3      | 2527 ||| READING scroll labelled OMYUKEF KOYCOO.
  2527 | D:3      | Identified a scroll of acquirement
  2527 | D:3      | 2527 ||| ACQUIRING ring of resist corrosion
  2527 | D:3      | Acquired a ring of resist corrosion
  2529 | D:3      | 2529 ||| UPGRADING to ring of resist corrosion.
  2530 | D:3      | 2530 ||| READING scroll labelled GUAMIU MA XOSA.
  2531 | D:3      | 2531 ||| DROPPING scroll of amnesia.
  2558 | D:4      | 2558 ||| INVOKING Berserk.
  2564 | D:4      | Reached skill level 8 in Axes
  2564 | D:4      | Reached XP level 6. HP: 52/52 MP: 5/5
  2582 | D:4      | 2582 ||| FLEEEEING.
  2583 | D:4      | 2583 ||| STAIRDANCE
  2727 | D:4      | Reached skill level 3 in Armour
  2986 | D:4      | 2986 ||| Stepping ~*~*~tactically~*~*~ (stealth).
  3400 | D:4      | Noticed a +0 dagger
  3401 | D:4      | Noticed a +0 spear
  3401 | D:4      | Noticed a +0 short sword
  3402 | D:4      | Noticed a +0 falchion
  3402 | D:4      | Noticed a +0 dagger
  3402 | D:4      | Noticed a +0 spear
  3402 | D:4      | Noticed a +0 short sword
  3403 | D:4      | Noticed a +0 falchion
  3404 | D:4      | 3404 ||| Stepping ~*~*~tactically~*~*~ (hiding).
  3409 | D:4      | Reached *** piety under Trog
  3587 | D:4      | Found a hide-covered altar of Uskayaw.
  3722 | D:4      | 3722 ||| INVOKING Berserk.
  3836 | D:4      | 3836 ||| DROPPING +0 flail.
  3871 | D:4      | Noticed Eustachio
  3873 | D:4      | 3873 ||| INVOKING Berserk.
  3877 | D:4      | Killed Eustachio
  3878 | D:4      | Reached skill level 9 in Axes
  3878 | D:4      | Reached XP level 7. HP: 59/59 MP: 6/6
  4025 | D:4      | Found a staircase to the Ecumenical Temple.
  4076 | D:4      | 4076 ||| Stepping ~*~*~tactically~*~*~ (hiding).
  4080 | D:4      | 4080 ||| INVOKING Berserk.
  4265 | D:4      | 4265 ||| READING 2 scrolls of identify.
  4265 | D:4      | 4265 ||| IDENTIFYING amethyst potion
  4266 | D:4      | 4266 ||| DROPPING potion of brilliance.
  4426 | D:5      | Entered Level 5 of the Dungeon
  4478 | D:5      | Reached skill level 10 in Axes
  4503 | D:5      | Found Camp's Assorted Antiques.
  4525 | D:5      | 4525 ||| Stepping ~*~*~tactically~*~*~ (hiding).
  4527 | D:5      | 4527 ||| Stepping ~*~*~tactically~*~*~ (hiding).
  4529 | D:5      | 4529 ||| Stepping ~*~*~tactically~*~*~ (stealth).
  4536 | D:5      | 4536 ||| INVOKING Berserk.
  4538 | D:5      | Reached skill level 1 in Throwing
  4711 | D:5      | 4711 ||| BUYING scroll labelled SUCREO TISUCK (25 gold).
  4711 | D:5      | Bought a scroll labelled SUCREO TISUCK for 25 gold pieces
  4711 | D:5      | 4711 ||| BUYING small peridot ring (125 gold).
  4711 | D:5      | Bought a small peridot ring for 125 gold pieces
  4736 | D:5      | Found a shimmering altar of Xom.
  4791 | D:5      | Found a broken altar of Ashenzari.
  4803 | D:5      | 4803 ||| Stepping ~*~*~tactically~*~*~ (stealth).
  4804 | D:5      | 4804 ||| Stepping ~*~*~tactically~*~*~ (stealth).
  4813 | D:5      | 4813 ||| INVOKING Berserk.
  4814 | D:5      | HP: 21/93 [poisoned by a scorpion]
  4815 | D:5      | Reached skill level 6 in Fighting
  4815 | D:5      | Reached XP level 8. HP: 24/70 MP: 4/7
  4819 | D:5      | HP: 10/105 [poisoned by a scorpion]
  4822 | D:5      | 4822 ||| DRINKING 3 potions of curing.
  4822 | D:5      | 4822 ||| (to cure poison)
  5498 | D:5      | Found a glowing golden altar of the Shining One.
  5504 | D:5      | Found an ancient bone altar of Kikubaaqudgha.
  5575 | D:5      | 5575 ||| UPGRADING to ring of protection from fire.
  5576 | D:5      | 5576 ||| DROPPING ring of magical power.
  5577 | D:5      | 5577 ||| UPGRADING to +6 ring of strength.
  5579 | D:5      | 5579 ||| READING scroll labelled SUCREO TISUCK.
  5580 | D:5      | 5580 ||| READING scroll labelled YFAOCVE NUBB.
  5581 | D:5      | 5581 ||| DRINKING 2 silvery potions.
  5582 | D:5      | 5582 ||| READING 2 scrolls of identify.
  5582 | D:5      | 5582 ||| IDENTIFYING puce potion
  5658 | D:6      | 5658 ||| INVOKING Berserk.
  5662 | D:6      | Reached skill level 11 in Axes
  5886 | D:6      | 5886 ||| Stepping ~*~*~tactically~*~*~ (stealth).
  5895 | D:6      | 5895 ||| INVOKING Berserk.
  5969 | D:6      | 5969 ||| Stepping ~*~*~tactically~*~*~ (stealth).
  6030 | D:6      | Found a sacrificial altar of Ru.
  6103 | D:6      | 6103 ||| Stepping ~*~*~tactically~*~*~ (stealth).
  6105 | D:6      | 6105 ||| INVOKING Berserk.
  6108 | D:6      | Reached skill level 12 in Axes
  6551 | D:6      | 6551 ||| Stepping ~*~*~tactically~*~*~ (hiding).
  6552 | D:6      | 6552 ||| Stepping ~*~*~tactically~*~*~ (hiding).
  6660 | D:6      | Reached XP level 9. HP: 79/79 MP: 8/8
  6662 | D:6      | 6662 ||| UPGRADING to +0 plate armour.
  6672 | D:6      | 6672 ||| DROPPING +6 ring of intelligence.
  6673 | D:6      | 6673 ||| READING scroll labelled ISOGEYKOXT.
  6674 | D:6      | 6674 ||| READING 2 scrolls labelled SOUMAO IJ ZOIG.
  6675 | D:6      | 6675 ||| READING 4 scrolls of identify.
  6675 | D:6      | 6675 ||| IDENTIFYING fizzy white potion
  6676 | D:6      | 6676 ||| READING 3 scrolls of identify.
  6676 | D:6      | 6676 ||| IDENTIFYING viscous orange potion
  6677 | D:6      | 6677 ||| READING 2 scrolls of identify.
  6677 | D:6      | 6677 ||| IDENTIFYING glowing silvery potion
  6678 | D:6      | 6678 ||| DROPPING potion of invisibility.
  6709 | D:7      | Reached skill level 6 in Armour
  6737 | D:7      | 6737 ||| Stepping ~*~*~tactically~*~*~ (stealth).
  6739 | D:7      | 6739 ||| Stepping ~*~*~tactically~*~*~ (hiding).
  6742 | D:7      | 6742 ||| Stepping ~*~*~tactically~*~*~ (hiding).
  6852 | D:7      | Identified the +6 flail of Spontaneous Combustion {vorpal,
                  | *Corrode rElec Str+4 SInv}
  6935 | D:7      | 6935 ||| Stepping ~*~*~tactically~*~*~ (hiding).
  6937 | D:7      | 6937 ||| Stepping ~*~*~tactically~*~*~ (hiding).
  6938 | D:7      | 6938 ||| Stepping ~*~*~tactically~*~*~ (hiding).
  6941 | D:7      | Reached **** piety under Trog
  7149 | D:7      | Found a flagged portal.
  7237 | D:7      | Found a bloodstained altar of Trog.
  7242 | D:7      | 7242 ||| Stepping ~*~*~tactically~*~*~ (stealth).
  7243 | D:7      | Noticed Joseph
  7244 | D:7      | 7244 ||| Stepping ~*~*~tactically~*~*~ (stealth).
  7246 | D:7      | 7246 ||| INVOKING Berserk.
  7249 | D:7      | Reached skill level 13 in Axes
  7264 | D:7      | HP: 20/81 [something (9)]
  7266 | D:7      | HP: 2/81 [something (10)]
  7268 | D:7      | Shot with a sling bullet by Joseph

Levels and vault maps discovered:
D:1:      spicycebolla_arrival_clurvy, layout_rooms,
          chequers_ecumenical_altar_simple_redux
D:2:      layout_rooms, uniq_terence, uniq_jessica
D:3:      layout_loops_cross, amcnicky_altar_gilded, lemuel_flame_loot_1
D:4:      layout_basic, nicolae_uskayaw_en_pointe, temple_hall, uniq_eustachio
D:5:      layout_cave_pools, lemuel_tele_altar, ashenzari_altar_1, minitemple,
          serial_shops, shop_coins
D:6:      layout_gridville, nicolae_ru_awakened_eye, serial_bayou_pond_b
D:7:      layout_rooms, trog_ov_bears_minmay, lightli_bailey_entry_fortress,
          uniq_joseph

Skill      XL: |  1  2  3  4  5  6  7  8  9 |
---------------+----------------------------+-----
Axes           | 4 5 6 8 9 10 12 13 | 13.0
Fighting       | 4 6 7 |  7.9
Armour         | 3 4 5 6 |  6.1
Throwing       | 1 2 |  2.2
Dodging        | |  2.1

Action                   |  1- 3 |  4- 6 |  7- 9 || total
-------------------------+-------+-------+-------++-------
Melee: Hand axe          |    17 |       |       ||    17
       Headbutt          |    10 |    19 |    20 ||    49
       War axe           |    57 |   112 |   171 ||   340
       Punch             |       |     1 |     1 ||     2
Throw: Boomerang         |       |    30 |    77 ||   107
Invok: Berserk           |     2 |     4 |     7 ||    13
  Use: Scroll            |     3 |     6 |     9 ||    18
       Potion            |     1 |     1 |     2 ||     4
Armor: Animal skin       |     6 |       |       ||     6
       Scale mail        |     9 |     3 |       ||    12
       Chain mail        |       |    49 |    73 ||   122
       Plate armour      |       |       |    20 ||    20
Dodge: Dodged            |    25 |    33 |    61 ||   119

Table legend:
 A = Non-vault XP
 B = Vault XP
 C = Vault XP percentage of total XP
 D = Non-vault monster count
 E = Vault monster count
 F = Vault count percentage of total count
                 A         B        C        D         E       F
            +---------+---------+-------+---------+---------+-------
      Total |    3382 |     861 |  20.3 |     145 |      19 |  11.6
            +---------+---------+-------+---------+---------+-------
        D:1 |      42 |       0 |   0.0 |      26 |       0 |   0.0
        D:2 |      23 |      75 |  76.5 |      12 |       2 |  14.3
        D:3 |     224 |       0 |   0.0 |      26 |       0 |   0.0
        D:4 |     405 |     196 |  32.6 |      25 |       1 |   3.8
        D:5 |     770 |       0 |   0.0 |      24 |       0 |   0.0
        D:6 |     922 |     255 |  21.7 |      13 |       2 |  13.3
        D:7 |     996 |     335 |  25.2 |      19 |      14 |  42.4
            +---------+---------+-------+---------+---------+-------
